 Dungeon Crawl Stone Soup version 0.19.5 (webtiles) character file.

39 Jumperg the Shooter (level 3, 0/28 HPs)
             Began as a Centaur Arcane Marksman on May 17, 2017.
             Slain by a jackal (2 damage)
             ... on level 1 of the Dungeon.
             The game lasted 00:10:22 (1523 turns).

Jumperg the Shooter (Centaur Arcane Marksman)       Turns: 1523, Time: 00:10:30

Health: 0/28       AC:  4    Str: 13    XL:     3   Next: 28%
Magic:  4/4        EV:  9    Int: 13    God:
Gold:   52         SH:  0    Dex:  8    Spells: 1 memorised, 3 levels left

rFire  . . .     SeeInvis .     t - +0 whip
rCold  . . .     Gourm    .     r - +0 leather armour
rNeg   . . .     Faith    .     (no shield)
rPois  .         Spirit   .     (no helmet)
rElec  .         Reflect  .     (no cloak)
rCorr  .         Harm     .     (no gloves)
MR     .....                    (no barding)
Stlth  ..........               (no amulet)
                                (no ring)
                                (no ring)

@: very quick
A: hooves 3, deformed body, speed 2, tough skin 3
a: no special abilities


You were on level 1 of the Dungeon.
You were not hungry.

You visited 1 branch of the dungeon, and saw 2 of its levels.

You collected 52 gold pieces.

Inventory:

Hand Weapons
 a - a +0 shortbow
 s - a +0 dagger
 t - a +0 whip (weapon)
Missiles
 b - 50 stones (quivered)
 d - 8 arrows
 j - 36 bolts
 m - 36 sling bullets
Armour
 e - a +0 robe
 r - a +0 leather armour (worn)
Scrolls
 g - a scroll of identify {unknown}
 l - a scroll of enchant weapon {unknown}
 n - a scroll of recharging {unknown}
 p - 2 scrolls of immolation {unknown}
 q - a scroll of enchant armour {unknown}
 v - a scroll of teleportation {unknown}
 w - a scroll of noise {unknown}
Potions
 h - a potion of curing {unknown}
 i - a potion of degeneration {unknown}
 u - a potion of magic {unknown}
 x - a potion of heal wounds {unknown}
Books
 c - a book of Debilitation

   Spells                             Type                      Level
   a - Corona                         Hexes                        1
   b - Slow                           Hexes                        2
   c - Gell's Gravitas                Hexes/Translocation          3
   d - Inner Flame                    Hexes/Fire                   3
   e - Cause Fear                     Hexes                        4
   f - Leda's Liquefaction            Hexes/Earth                  4
Comestibles
 f - 2 bread rations
 k - 2 meat rations
 o - 2 chunks of flesh


   Skills:
 - Level 1.0 Fighting
 + Level 3.6 Bows
 * Level 1.9 Dodging
 + Level 1.0 Spellcasting
 + Level 3.1 Hexes


You had 3 spell levels left.
You knew the following spells:

 Your Spells              Type           Power        Failure   Level  Hunger
a - Corona                Hex            #......      12%         1    ##.....


Dungeon Overview and Level Annotations

Branches:
Dungeon (2/15)

Altars:


Innate Abilities, Weirdness & Mutations

You have hooves in place of feet.
Armour fits poorly on your strangely shaped body.
You cover ground very quickly.
You have extremely tough skin. (AC +3)


Message History

* * * LOW HITPOINT WARNING * * *
You closely miss the gnoll.
The gnoll is severely wounded.
The jackal bites you.
* * * LOW HITPOINT WARNING * * *
The jackal barely misses you. The gnoll closely misses you.
The jackal bites you.
* * * LOW HITPOINT WARNING * * *
You hit the gnoll. You kick the gnoll, but do no damage.
The gnoll is severely wounded.
The jackal bites you but does no damage. x2
The gnoll barely misses you. The jackal barely misses you.
You hit the gnoll.
The gnoll is almost dead.
The jackal bites you.
* * * LOW HITPOINT WARNING * * *
The jackal bites you.
* * * LOW HITPOINT WARNING * * *
The gnoll closely misses you. The jackal bites you.
You die...

##### #.......####.#....# #.# #
#####.### #.#.##.# #.# ####.####
#.#.##.# #.# ##.......# #......#
##.# #######...#.##.#
##)..########..# ........#......#
#.........##.##
.....#.###..##.####....##........
.....#..#..###.g..........###....
.....##..).#...h@h........# #....
.....#####.....>..........###)..#
.....#####.....####....##.....#.#
....)...........# #..............
#######...##.##.###...#######....
#......##.#.......# ###.#
#######..#####.#.##.##)# #.#
#........#####.#.##.##.#######..
##.######.......#.##.........##..


You could see a gnoll and 2 jackals.

Vanquished Creatures
  2 dart slugs (D:1)
  A leopard gecko (D:2)
  A giant cockroach (D:1)
  4 goblins (D:1)
  7 hobgoblins
  A jackal (D:2)
  5 kobolds (D:1)
  4 bats
  2 frilled lizards (D:1)
  4 rats
31 creatures vanquished.

Notes
Turn   | Place    | Note
-------+----------+-------------------------------------------
     0 | D:1      | Jumperg the Centaur Arcane Marksman began the quest for the Orb.
     0 | D:1      | Reached XP level 1. HP: 16/16 MP: 2/2
   215 | D:1      | Reached XP level 2. HP: 23/23 MP: 3/3
   905 | D:1      | Reached XP level 3. HP: 12/28 MP: 4/4
  1523 | D:1      | Slain by a jackal

Skill      XL: |  1  2 |
---------------+-------+-----
Hexes          | 3 |  3.1
Bows           | 3 |  3.6
Fighting       | |  1.0
Dodging        | |  1.9
Spellcasting   | |  1.0

Action                   || total
-------------------------++-------
Melee: Shortbow          ||    21
       Dagger            ||    54
       Kick              ||    15
       Whip              ||     6
 Fire: Shortbow          ||    64
Throw: Stone             ||    13
  Eat: Chunk             ||     1
Armor: Robe              ||    19
       Leather armour    ||    33
Dodge: Dodged            ||    75
